 Dungeon Crawl Stone Soup version 0.17-a0-1882-g750edc8 (webtiles) character file.

345 GrandHerb the Poker (level 6, -2/52 HPs)
             Began as a Draconian Gladiator on Sept 22, 2015.
             Slain by a decayed bog body (6 damage)
             ... in an ossuary.
             The game lasted 00:32:09 (3454 turns).

GrandHerb the Poker (Draconian Gladiator)           Turns: 3454, Time: 00:32:09

Health: -2/52      AC:  6    Str: 18    XL:     6   Next: 32%
Magic:  9/9        EV:  8    Int:  8    God:
Gold:   202        SH:  0    Dex: 13    Spells: 0 memorised, 10 levels left

rFire  . . .     SeeInvis .     a - +0 trident
rCold  . . .     Clarity  .     (armour unavailable)
rNeg   . . .     SustAt   +     (no shield)
rPois  .         Gourm    .     b - +0 hat
rElec  .         Spirit   .     (no cloak)
rCorr  .         Warding  .     (no gloves)
rMut   .         Stasis   .     (no boots)
MR     .....                    (no amulet)
Stlth  +.........               (no ring)
                                q - ring of sustain attributes

@: slowed, very slow, not resistant to hostile enchantments, very unstealthy
A: unfitting armour, cold-blooded, AC +6
a: no special abilities


You were in an ossuary.
You were hungry.

You visited 1 branch of the dungeon, and saw 4 of its levels.
You also visited: Ossuary.

You collected 202 gold pieces.

Inventory:

Hand weapons
 a - a +0 trident (weapon)
Missiles
 c - 3 throwing nets (quivered)
Armour
 b - a +0 hat (worn)
Jewellery
 q - a ring of sustain attributes (left hand)
Scrolls
 e - 2 scrolls of identify
 g - 3 scrolls of teleportation
 i - 2 scrolls of remove curse
 j - 3 scrolls of fear
 k - 2 scrolls of immolation {unknown}
 o - a scroll of recharging {unknown}
Potions
 f - a potion of heal wounds
 h - a potion of haste
 l - a potion of ambrosia {unknown}
 p - a potion of curing
Comestibles
 d - 5 bread rations
 m - 2 meat rations
 n - 3 beef jerkies


   Skills:
 + Level 3.8 Fighting
 + Level 4.0 Polearms
 + Level 3.1 Throwing
 + Level 3.6 Dodging
 + Level 2.5 Spellcasting


You had 10 spell levels left.
You didn't know any spells.

Dungeon Overview and Level Annotations

Branches:
Dungeon (4/15)
 Temple: D:4-7

Altars:
Yredelemnul


Innate Abilities, Weirdness & Mutations

Your plain brown scales are hard (AC +6).
Your body does not fit into most forms of armour.
You are cold-blooded and may be slowed by cold attacks.


Message History

The decayed bog body hits you. The decayed bog body touches you.
The decayed bog body freezes you.
You feel as though you will be slow longer.
* * * LOW HITPOINT WARNING * * *
A giant gecko zombie comes into view.
The decayed bog body misses you. The decayed bog body barely misses you.
There is a gate leading back out of this place here.
You hit the decayed bog body. You tail-slap the decayed bog body.
The decayed bog body is almost destroyed.
You are feeling hungry.
The decayed bog body barely misses you. The decayed bog body touches you.
* * * LOW HITPOINT WARNING * * *
The decayed bog body freezes you.
* * * LOW HITPOINT WARNING * * *
The decayed bog body hits you but does no damage.
The decayed bog body touches you.
* * * LOW HITPOINT WARNING * * *
The decayed bog body freezes you.
You feel as though you will be slow longer.
You die...

## P≈##
#####
≈≈≈≈#
#@n.#≈..#
#.∩.Z.#
#...#≈≈P#
#####
≈#≈≈≈
P##≈ #


You could see a decayed bog body and a giant gecko zombie.

Vanquished Creatures
  An ogre (D:3)
  The ghost of Alipheese the Chopper, a weakling NaBe of Trog (D:3)
  2 orc wizards (D:3)
  Robin (D:2)
  5 adders
  3 gnolls (D:1)
  An ooze (D:2)
  2 worms (D:2)
  6 orcs
  2 giant cockroaches
  16 goblins
  6 hobgoblins
  7 jackals
  6 kobolds
  A quokka (D:3)
  6 bats
  8 rats
74 creatures vanquished.

Notes
Turn   | Place    | Note
--------------------------------------------------------------
     0 | D:1      | GrandHerb the Draconian Gladiator began the quest for the Orb.
     0 | D:1      | Reached XP level 1. HP: 17/17 MP: 1/1
   129 | D:1      | Reached XP level 2. HP: 16/25 MP: 2/2
   666 | D:1      | Reached XP level 3. HP: 30/30 MP: 2/4
   688 | D:1      | Reached skill level 1 in Spellcasting
  1310 | D:2      | Reached XP level 4. HP: 24/38 MP: 5/5
  1441 | D:2      | Noticed Robin
  1475 | D:2      | Killed Robin
  1866 | D:3      | Found a faded altar to an unknown god.
  1924 | D:3      | Noticed an ogre
  1977 | D:3      | Killed an ogre
  1977 | D:3      | Reached XP level 5. HP: 27/45 MP: 6/8
  2481 | D:3      | Noticed Alipheese's ghost (weakling NaBe)
  2776 | D:3      | Reached skill level 4 in Polearms
  2776 | D:3      | Reached XP level 6. HP: 50/52 MP: 9/9
  2832 | D:3      | Killed Alipheese's ghost
  3384 | D:4      | Found a basalt altar of Yredelemnul.
  3436 | D:4      | Found a sand-covered staircase.
  3442 | Ossuary  | Entered an ossuary
  3454 | Ossuary  | Slain by a decayed bog body

Vault maps used:
D:1:      dpeg_arrival_three_same_balls
D:2:      uniq_robin
D:3:      ecumenical_altar_1, minmay_box_of_dots
D:4:      lemuel_coloured_pillars_altar, nicolae_ru_great_annihilating_truth,
          grunt_dithmenos_smoke_and_mirrors, nicolae_ashenzari_panopticon,
          nicolae_ossuary_entry_plus, uniq_edmund
Ossuary:  ossuary_zaba_flooded

Action                   |  1- 3 |  4- 6 || total
-------------------------+-------+-------++-------
Melee: Trident           |   108 |   177 ||   285
       Unarmed           |       |     3 ||     3
  Use: Scroll            |       |     6 ||     6
 Stab: Sleeping          |     2 |     1 ||     3
  Eat: Chunk             |     1 |     7 ||     8
